 Dungeon Crawl Stone Soup version 0.25.0-26-g0c896c7088 (webtiles) character file.

Game seed: 6478754949284445473

2744 Alarak the Cruncher (level 9, -1/118 HPs)
             Began as a Minotaur Berserker on July 3, 2020.
             Was a High Priest of Trog.
             Succumbed to a hornet's poison
             ... on level 8 of the Dungeon.
             The game lasted 00:22:15 (6737 turns).

Alarak the Cruncher (Minotaur Berserker)            Turns: 6737, Time: 00:22:16

Health: -1/118     AC: 10    Str: 26    XL:     9   Next: 41%
Magic:  8/8        EV: 10    Int:  4    God:    Trog [*****.]
Gold:   372        SH:  0    Dex:  9    Spells: 8/8 levels left

rFire    . . .     SeeInvis .   n - +4 quarterstaff (chaos)
rCold    . . .     Gourm    .   (shield currently unavailable)
rNeg     . . .     Faith    +   g - +0 chain mail
rPois    .         Spirit   .   (helmet restricted)
rElec    .         Reflect  .   (no cloak)
rCorr    .         Harm     .   (no gloves)
MR       +....                  (no boots)
Stlth    ..........             C - amulet of faith
HPRegen  0.29/turn              v - ring of protection from magic
MPRegen  0.11/turn              (no ring)

@: berserking, lethally poisoned (-1 -> -49), slowed, lightly drained
A: retaliatory headbutt, horns 2
a: Berserk, Trog's Hand, Brothers in Arms, Renounce Religion


You were on level 8 of the Dungeon.
You worshipped Trog.
Trog was extremely pleased with you.
You were very hungry.

You visited 1 branch of the dungeon, and saw 8 of its levels.

You collected 372 gold pieces.

Inventory:

Hand Weapons
 a - a +0 falchion
 n - a +4 quarterstaff of chaos (weapon)
 z - a +5 spear
Armour
 b - a +0 animal skin
 g - a +0 chain mail (worn)
 i - a +0 kite shield
 m - a +2 robe of the Archmagi
Jewellery
 v - a ring of protection from magic (left hand)
 C - an amulet of faith (around neck)
Scrolls
 d - a scroll of random uselessness {unknown}
 e - 10 scrolls of identify {unknown}
 f - 3 scrolls of magic mapping {unknown}
 o - a scroll of enchant weapon {unknown}
 r - a scroll of remove curse {unknown}
 t - 2 scrolls of immolation {unknown}
 u - a scroll of fog {unknown}
 w - 2 scrolls of teleportation {unknown}
 x - a scroll of holy word {unknown}
 y - a scroll of blinking {unknown}
Potions
 h - 2 potions of heal wounds {unknown}
 j - a potion of might {unknown}
 k - a potion of ambrosia {unknown}
 l - a potion of brilliance {unknown}
 p - 3 potions of curing {unknown}
 q - a potion of stabbing {unknown}
 s - a potion of degeneration {unknown}
 A - 2 potions of flight {unknown}
Comestibles
 c - 7 rations


   Skills:
 + Level 7.4(7.3) Fighting
 - Level 5.6 Long Blades
 - Level 10.1(10.0) Staves
 - Level 7.3 Armour
 - Level 5.2(5.1) Dodging


You had 8 spell levels left.
You didn't know any spells.
Your spell library was empty.

Dungeon Overview and Level Annotations

Branches:
Dungeon (8/15)             Temple (0/1) D:6
   Lair: D:8-11

Altars:
Ashenzari
Dithmenos
Fedhas
Hepliaklqana
Kikubaaqudgha
Makhleb
Ru
Sif Muna
Trog
Xom
Yredelemnul
Zin
The Shining One


Innate Abilities, Weirdness & Mutations

You reflexively headbutt those who attack you in melee.
You have a pair of horns on your head.


Message History

* * * LOW HITPOINT WARNING * * *
You feel sick. Something stings you.
* * * LOW HITPOINT WARNING * * *
You shrug off the repeated paralysis!
You barely miss something. Your headbutt misses something.
* * * LOW HITPOINT WARNING * * *
You feel sick. Something stings you!
* * * LOW HITPOINT WARNING * * *
You are more poisoned.
You feel as though you will be slow longer.
You are too berserk!
You closely miss something. Your headbutt misses something.
* * * LOW HITPOINT WARNING * * *
You feel very sick. Something stings you.
* * * LOW HITPOINT WARNING * * *
You are more poisoned.
You feel as though you will be slow longer.
Your chain mail prevents you from hitting something.
You die...

## ##### #_ #...#
#.# #.#.###...##
######.#.##.. ..#
#...#.<#..#.# #.#
#.#.#.##..#.###{##
#.....##.##.#_..@##
..#..###.'..#...._#
#.##.# ####.#_...##
#..#... #.###.##
##.###.# #.###.# .#
.# #..#..# .. #
##...## #.. ##.##
#. #_#


There were no monsters in sight!

Vanquished Creatures
  A hungry ghost (D:7)
  Menkaure (D:6)
  An ice beast (D:6)
  A sky beast (D:7)
  A black bear (D:7)
  An orc warrior (D:6)
  An ogre (D:7)
  3 centaurs (D:5)
  2 bullfrogs
  5 killer bees (D:7)
  5 wights
  3 crimson imps
  A howler monkey (D:4)
  A quasit (D:4)
  A centaur zombie (D:7)
  2 hounds
  4 orc priests
  Crazy Yiuf (D:2)
  A bullfrog skeleton (D:6)
  A centaur skeleton (D:6)
  3 iguanas
  2 jellies
  8 orc wizards
  Jessica (D:2)
  3 worker ants
  A hound zombie (D:6)
  A hound skeleton (D:5)
  3 gnolls (D:5)
  A howler monkey skeleton (D:5)
  4 adders
  3 shadow imps
  An ooze (D:5)
  An adder skeleton (D:6)
  An adder zombie (D:7)
  2 worms
  A dart slug (D:1)
  6 leopard geckos
  33 orcs
  2 ball pythons (D:5)
  8 bats
  9 giant cockroaches
  5 goblins
  5 hobgoblins
  10 jackals
  5 kobolds
  2 quokkas (D:6)
  6 frilled lizards
  A giant cockroach zombie (D:5)
  A jackal zombie (D:5)
  A leopard gecko skeleton (D:4)
  A quokka skeleton (D:7)
  11 rats
179 creatures vanquished.

Vanquished Creatures (others)
  A wight (D:6)
1 creature vanquished.

Grand Total: 180 creatures vanquished

Notes
Turn   | Place    | Note
-------+----------+-------------------------------------------
     0 | D:1      | Alarak the Minotaur Berserker began the quest for the Orb.
     0 | D:1      | Reached XP level 1. HP: 19/19 MP: 0/0
   461 | D:1      | Reached XP level 2. HP: 22/27 MP: 1/1
   913 | D:1      | Reached XP level 3. HP: 28/33 MP: 2/2
  1190 | D:2      | Reached ** piety under Trog
  1362 | D:2      | Reached skill level 5 in Long Blades
  1362 | D:2      | Reached XP level 4. HP: 36/41 MP: 3/3
  1583 | D:2      | Found a runed translucent door.
  1584 | D:2      | Noticed Crazy Yiuf
  1727 | D:2      | Found a bloodstained altar of Trog.
  1807 | D:2      | Noticed Jessica
  1823 | D:2      | Killed Jessica
  2031 | D:2      | Killed Crazy Yiuf
  2031 | D:2      | Reached XP level 5. HP: 26/47 MP: 4/4
  2410 | D:3      | Reached skill level 1 in Staves
  2412 | D:3      | Reached skill level 2 in Staves
  2653 | D:3      | Found a burning altar of Makhleb.
  2705 | D:3      | Reached skill level 3 in Staves
  2715 | D:3      | Reached XP level 6. HP: 20/53 MP: 5/5
  2916 | D:3      | Reached skill level 4 in Staves
  2999 | D:3      | Reached skill level 5 in Fighting
  3208 | D:3      | Found a glowing golden altar of the Shining One.
  3257 | D:4      | Found a blossoming altar of Fedhas.
  3315 | D:4      | Reached *** piety under Trog
  3336 | D:4      | Reached XP level 7. HP: 24/64 MP: 6/6
  3594 | D:4      | Found a shattered altar of Ashenzari.
  3829 | D:4      | Found a shimmering blue altar of Sif Muna.
  4077 | D:5      | Entered Level 5 of the Dungeon
  4343 | D:5      | Reached skill level 5 in Armour
  4651 | D:5      | Reached XP level 8. HP: 68/73 MP: 7/7
  4785 | D:6      | Reached **** piety under Trog
  4819 | D:6      | Reached skill level 5 in Dodging
  5150 | D:6      | Reached skill level 5 in Staves
  5297 | D:6      | Found a sacrificial altar of Ru.
  5369 | D:6      | Found a staircase to the Ecumenical Temple.
  5404 | D:6      | Noticed Menkaure
  5411 | D:6      | Killed Menkaure
  5411 | D:6      | Reached skill level 6 in Staves
  5605 | D:6      | Reached skill level 7 in Staves
  5754 | D:7      | Reached skill level 8 in Staves
  5754 | D:7      | Reached XP level 9. HP: 71/79 MP: 8/8
  5833 | D:7      | Found an ancient bone altar of Kikubaaqudgha.
  5852 | D:7      | Reached skill level 9 in Staves
  6480 | D:7      | Reached skill level 10 in Staves
  6605 | D:8      | Reached ***** piety under Trog
  6699 | D:8      | Found a basalt altar of Yredelemnul.
  6699 | D:8      | Found a hazy altar of Hepliaklqana.
  6717 | D:8      | Found a shadowy altar of Dithmenos.
  6719 | D:8      | Found a glowing silver altar of Zin.
  6721 | D:8      | Found a shimmering altar of Xom.
  6730 | D:8      | Paralysed by something for 3 turns
  6736 | D:8      | HP: 3/118 [poisoned by a hornet]
  6736 | D:8      | HP: 1/118 [something (2)]
  6737 | D:8      | Succumbed to a hornet's poison

Illustrated notes

Levels and vault maps discovered:
D:1:      nagdon_arrival_double_spiral, layout_loops_ring
D:2:      layout_loops_ring, lightli_temple_of_fire, grunt_ministairs_6,
          uniq_crazy_yiuf_cottage, uniq_jessica
D:3:      layout_basic, bloody_makhleb, nicolae_tso_swordbearing_angel,
          first_ration, minmay_misc_feat_hallway
D:4:      layout_basic, cheibrodos_ashenzari_chains, fedhas_altar_1,
          overflow_temple_1_default
D:5:      layout_rooms
D:6:      layout_cave_pools, nicolae_overflow_crystal_walls,
          minmay_temple_entry_junction, uniq_menkaure
D:7:      layout_loops_ring, old_standard_altar, dk_noncrumbling_4
D:8:      layout_rooms, chequers_temple_overflow_minitemple, enter_ossuary_5

Skill      XL: |  1  2  3  4  5  6  7  8  9 |
---------------+----------------------------+-----
Long Blades    | 4 5 |  5.6
Fighting       | 4 6 7 |  7.4
Armour         | 3 7 |  7.3
Staves         | 3 4 8 10 | 10.1
Dodging        | 5 |  5.2

Action                   |  1- 3 |  4- 6 |  7- 9 || total
-------------------------+-------+-------+-------++-------
Melee: Falchion          |    86 |    30 |       ||   116
       Headbutt          |    14 |    20 |    28 ||    62
       Quarterstaff      |       |    74 |   238 ||   312
Invok: Berserk           |       |     3 |     9 ||    12
       Trog's Hand       |       |       |     1 ||     1
 Stab: Invisible         |       |     1 |       ||     1
  Eat: Chunk             |     1 |     8 |    18 ||    27
       Ration            |       |       |     1 ||     1
Armor: Animal skin       |     4 |       |       ||     4
       Chain mail        |    39 |    46 |   145 ||   230
Dodge: Dodged            |    36 |    43 |   128 ||   207
       Rpst.: Falchion   |     8 |     4 |       ||    12
